 Dungeon Sprint DCSS version 0.27-a0-1006-g1fd4cec11e (webtiles) character file.

Game seed: 14246115292019661490

1042 mhtbhm the Arsonist (level 8, -34/42 HPs)
             Began as a Deep Elf Fire Elementalist on Apr 17, 2021.
             Was a Believer of Vehumet.
             Shot with a bolt by a yaktaur captain (43 damage)
             ... in the Dungeon (Sprint V: "Ziggurat Sprint").
             The game lasted 00:02:31 (280 turns).

mhtbhm the Arsonist (Deep Elf Fire Elementalist)     Turns: 280, Time: 00:02:32

Health: -34/42     AC:  5    Str:  5    XL:     8   Next: 4%
Magic:  5/24       EV: 16    Int: 35    God:    Vehumet [**....]
Gold:   0          SH:  0    Dex: 15    Spells: 12/28 levels left

rFire    + . .     SeeInvis .   C - +8 lance "Wyrmbane" {slay drac, rPois rF+ rC+ AC+3}
rCold    + . .     Faith    .   (no shield)
rNeg     . . .     Spirit   .   a - +0 robe
rPois    +         Reflect  .   (no helmet)
rElec    .         Harm     .   (no cloak)
rCorr    .         Rampage  .   (no gloves)
Will     .....     NoTele   +   (no boots)
Stlth    +++.......             (no amulet)
HPRegen  0.14/turn              u - +6 ring of intelligence
MPRegen  0.19/turn              v - +6 ring of intelligence

@: very slightly contaminated, invisible
A: no striking features
a: Renounce Religion


You were in the Dungeon.
You worshipped Vehumet.
Vehumet was pleased with you.
You visited 1 branch

Inventory:

Hand Weapons
 C - the +8 lance "Wyrmbane" (weapon) {slay drac, rPois rF+ rC+ AC+3}
   (You found it in the Dungeon)

   It affects your AC (+3).
   It protects you from fire.
   It protects you from cold.
   It protects you from poison.
Armour
 a - a +0 robe (worn)
 r - the -3 helmet of the True Pharaoh {Contam rElec Str+5}
   (You found it in the Dungeon)

   It affects your strength (+5).
   It insulates you from electricity.
   It causes magical contamination when unequipped.
Jewellery
 u - a +6 ring of intelligence (left hand)
 v - a +6 ring of intelligence (right hand)
Wands
 y - a wand of mindburst (7)
 z - a wand of iceblast (5)
 A - a wand of acid (6)
Scrolls
 h - 2 scrolls of blinking
 m - 4 scrolls of amnesia
 n - 7 scrolls of fog
 o - a scroll of holy word
 p - 5 scrolls of identify
 q - 2 scrolls of fear
Potions
 b - 2 potions of brilliance
 c - 10 potions of curing
 d - 10 potions of heal wounds
 e - 6 potions of haste
 f - 7 potions of magic
 g - 2 potions of berserk rage
 i - a potion of invisibility
 j - 4 potions of resistance
 k - a potion of experience
 l - 5 potions of might
Miscellaneous
 B - a lightning rod (2/4)


   Skills:
 + Level 0.6 Fighting
 + Level 7.7 Dodging
 + Level 6.6 Stealth
 + Level 10.5 Spellcasting
 + Level 3.3 Conjurations
 + Level 0.7 Hexes
 + Level 13.6 Fire Magic
 + Level 4.5 Evocations


You had 12 spell levels left.
You knew the following spells:

 Your Spells              Type           Power      Damage    Failure   Level
a - Foxfire               Conj/Fire      100%       2x1d9     1%          1
b - Conjure Flame         Conj/Fire      67%        6-21      1%          3
c - Inner Flame           Hex/Fire       62%        N/A       1%          3
d - Sticky Flame          Conj/Fire      67%        2d8       1%          4
e - Fireball              Conj/Fire      33%        3d14      1%          5

Your spell library contained the following spells:

 Spells                   Type           Power      Damage    Failure   Level
 Shock                    Conj/Air       100%       1d9       1%          1
 Magic Dart               Conj           100%       1d8       1%          1
 Searing Ray              Conj           84%        3d6       1%          2
 Dazzling Flash           Conj/Hex       66%        N/A       3%          3
 Fulminant Prism          Conj/Hex       16%        3d11      10%         4
 Iskenderun's Mystic Bla  Conj/Tloc      30%        2d8       12%         4


Dungeon Overview and Level Annotations

Branches:
Dungeon (1/1)

Altars:
Ashenzari
Cheibriados
Dithmenos
Elyvilon
Fedhas
Gozag
Hepliaklqana
Kikubaaqudgha
Makhleb
Nemelex Xobeh
Okawaru
Qazlal
Ru
Sif Muna
Trog
Uskayaw
Vehumet
Wu Jian
Xom
Yredelemnul
Zin
The Shining One
Beogh
Jiyva
Lugonu

Annotations:
D 1 transporter


Message History

The fireball engulfs the yaktaur captain!
The yaktaur captain is heavily wounded.
The fireball engulfs the wizard!!
You kill the wizard!
Vehumet accepts your kill. Vehumet offers you knowledge of Shock.
The fireball engulfs the slime creature!
You kill the slime creature!
Vehumet accepts your kill.
Your Dodging skill increases to level 7!
Your Stealth skill increases to level 6!
Your Spellcasting skill gained 2 levels and is now at level 10!
Your Conjurations skill increases to level 3!
Your Fire Magic skill gained 2 levels and is now at level 13!
Your Evocations skill increases to level 4!
You have reached level 7!
You have reached level 8!
You feel clever.
Casting: Fireball (dangerous; 1% risk of failure)
Confirm with . or Enter, or press ? or * to list all spells.
You don't have enough magic to cast this spell.
Aiming: Thunderbolt
Press: ? - help, Shift-Dir - straight line, f - yaktaur captain
Aim: a yaktaur captain, quivering bolts (heavily wounded)
The thunderbolt hits the yaktaur captain.
The yaktaur captain is severely wounded.
The yaktaur captain wields a +0 arbalest.
The yaktaur captain shoots a bolt.
The bolt hits you!!
Ouch! That really hurt!
* * * LOW HITPOINT WARNING * * *
Unknown command.
Unknown command.
Aiming: Thunderbolt
Press: ? - help, Shift-Dir - straight line, f/p - yaktaur captain
Aim: a yaktaur captain, wielding a +0 arbalest and quivering bolts (severely wounded)
The thunderbolt hits the yaktaur captain!!
The yaktaur captain is almost dead.
The yaktaur captain shoots a bolt.
The bolt hits you!!!
Ouch! That really hurt!
You die...

▓▓▓▓▓▓▓▓▓▓▓▓▓▓▓▓▓▓▓
▓.8©8.▓.8©8.▓.8©8.▓
▓.!::.▓.)...▓.....▓
▓..)..▓.....▓.[.).▓
▓..)..▓[.)..▓.....▓
▓...c.▓.....▓..)..▓
▓.....▓...).▓..©..▓
▓..@..▓..©..▓▓▓▓▓▓▓
▓▓▓▓▓▓▓▓▓▓▓▓▓


You could see a yaktaur captain.

Vanquished Creatures
  A wizard (D)
  A troll (D)
  A slime creature (D)
  2 ogres (D)
  An orc priest (D)
  An orc wizard (D)
7 creatures vanquished.

Notes
Turn   | Place    | Note
-------+----------+-------------------------------------------
     0 | D        | mhtbhm the Deep Elf Fire Elementalist began the quest for
                  | the Orb.
     0 | D        | Reached XP level 1. HP: 10/10 MP: 6/6
     0 | D        | Found a shimmering blue altar of Sif Muna.
     0 | D        | Found a bloodstained altar of Trog.
     0 | D        | Found a sacrificial altar of Ru.
     0 | D        | Found a stormy altar of Qazlal.
     0 | D        | Found an iron altar of Okawaru.
     1 | D        | Found a sparkling altar of Nemelex Xobeh.
     1 | D        | Found a blossoming altar of Fedhas.
     2 | D        | Found the +6 Majin-Bo {vamp, MP+6 Int+6}
     2 | D        | Found the +9 heavy crossbow "Sniper" {vorpal, Acc+∞ SInv}
     2 | D        | Found the +10 dark maul {vorpal}
     2 | D        | Found the +15 Maxwell's patent armour {-Cast -Tele rElec
                  | Will+ rCorr}
     2 | D        | Found the +18 shield of the Gong {rElec rN+ Will+ EV-5}
     2 | D        | Found the +14 obsidian axe {vorpal, Drain Fly SInv}
     2 | D        | Found the +7 great mace "Firestarter" {inner flame, rF++}
     2 | D        | Found the +6 shillelagh "Devastator" {shatter}
     2 | D        | Found the +11 plutonium sword {Contam Stlth-}
     2 | D        | Found the +8 lance "Wyrmbane" {slay drac, rPois rF+ rC+
                  | AC+3}
     2 | D        | Found the +9 sword of Zonguldrok {reap}
     2 | D        | Found the +13 scythe of Curses {drain, Drain}
     2 | D        | Found the +5 sword of Power {vorpal}
     2 | D        | Found the +7 mace of Variability {chain chaos}
     2 | D        | Found the +7 Singing Sword {vorpal, sonic wave}
     2 | D        | Found the +8 storm bow {elec, penet}
     3 | D        | Found a transporter.
     3 | D        | Found an ancient bone altar of Kikubaaqudgha.
     3 | D        | Found a viscous altar of Jiyva.
     3 | D        | Found a corrupted altar of Lugonu.
     3 | D        | Found a hazy altar of Hepliaklqana.
     3 | D        | Found a burning altar of Makhleb.
     3 | D        | Found an opulent altar of Gozag.
    46 | D        | Became a worshipper of Vehumet
    61 | D        | Entered arena 2.
    61 | D        | Noticed an orc priest
    61 | D        | Noticed an orc wizard
    61 | D        | Found a transporter.
    63 | D        | Killed an orc priest
    64 | D        | Reached skill level 5 in Fire Magic
    64 | D        | Reached XP level 2. HP: 15/15 MP: 6/9
    64 | D        | Reached XP level 3. HP: 19/19 MP: 7/11
    67 | D        | Reached skill level 5 in Spellcasting
    67 | D        | Reached skill level 6 in Fire Magic
   152 | D        | Learned a level 3 spell: Conjure Flame
   156 | D        | Learned a level 3 spell: Inner Flame
   157 | D        | Entered arena 3.
   157 | D        | Noticed an ogre
   157 | D        | Noticed an ogre
   157 | D        | Noticed a troll
   157 | D        | Found a transporter.
   163 | D        | Killed an ogre
   163 | D        | Reached * piety under Vehumet
   163 | D        | Offered knowledge of Magic Dart by Vehumet.
   164 | D        | Reached skill level 8 in Fire Magic
   164 | D        | Reached skill level 1 in Evocations
   164 | D        | Reached XP level 4. HP: 15/24 MP: 5/14
   167 | D        | Killed an ogre
   168 | D        | Reached skill level 5 in Dodging
   168 | D        | Reached skill level 9 in Fire Magic
   168 | D        | Reached XP level 5. HP: 18/28 MP: 6/16
   168 | D        | Killed a troll
   169 | D        | Reached skill level 5 in Stealth
   169 | D        | Reached skill level 11 in Fire Magic
   169 | D        | Reached XP level 6. HP: 21/33 MP: 9/19
   241 | D        | Got the -3 helmet of the True Pharaoh {Contam rElec Str+5}
   256 | D        | Learned a level 4 spell: Sticky Flame
   262 | D        | Learned a level 5 spell: Fireball
   274 | D        | Entered arena 4.
   274 | D        | Noticed a slime creature
   274 | D        | Noticed a wizard
   274 | D        | Noticed a yaktaur captain
   274 | D        | Found a transporter.
   278 | D        | Killed a wizard
   278 | D        | Reached ** piety under Vehumet
   278 | D        | Offered knowledge of Shock by Vehumet.
   278 | D        | Killed a slime creature
   279 | D        | Reached skill level 10 in Spellcasting
   279 | D        | Reached skill level 13 in Fire Magic
   279 | D        | Reached XP level 7. HP: 37/37 MP: 4/23
   279 | D        | Reached XP level 8. HP: 42/42 MP: 4/24
   280 | D        | Shot with a bolt by a yaktaur captain

Illustrated notes

Levels and vault maps discovered:
D:        sprint_v [room_start, room_1, room_2, room_3, room_4, room_5, room_6,
          room_7, room_8, room_9, room_10, room_11, room_12, room_13, room_14,
          room_15, room_16, room_17, room_18, room_19, room_20, room_21,
          room_22, room_23, room_24, room_25, room_26, room_27]

Skill      XL: |  1  2  3  4  5  6 |
---------------+-------------------+-----
Dodging        | 3 4 5 6 7 |  7.7
Stealth        | 3 4 5 6 |  6.6
Spellcasting   | 4 6 7 8 10 | 10.5
Fire Magic     | 5 8 9 11 13 | 13.6
Evocations     | 1 2 3 4 |  4.5
Conjurations   | 2 3 |  3.3
Fighting       | |  0.6
Hexes          | |  0.7

Action                   |  1- 3 |  4- 6 |  7- 9 || total
-------------------------+-------+-------+-------++-------
Melee: Lance             |     2 |       |       ||     2
 Cast: Conjure Flame     |     1 |       |       ||     1
       Inner Flame       |     1 |       |       ||     1
       Fireball          |       |     3 |       ||     3
Evoke: Wand              |     3 |       |       ||     3
       Lightning rod     |     1 |     4 |     2 ||     7
  Use: Scroll            |     1 |     1 |       ||     2
       Potion            |     1 |     1 |       ||     2
Dodge: Dodged            |     2 |       |       ||     2

Table legend: (Time is in decaauts)
 A = Elapsed time spent in this place.
 B = Non-inter-level travel time spent in this place.
 C = Inter-level travel time spent in this place.
 D = Time resting spent in this place.
 E = Time spent auto-exploring this place.
 F = Levels seen in this place.
 G = Mean time per level.
                   A        B        C        D        E       F      G
               +--------+--------+--------+--------+--------+-----+--------+
         Total |    291 |    291 |      0 |    143 |      0 |   1 |  291.0 |
       Dungeon |    291 |    291 |      0 |    143 |      0 |   1 |  291.0 |
               +--------+--------+--------+--------+--------+-----+--------+

Top non-repeatable levels by time:
       D: 291 daAuts
